 Dungeon Crawl Stone Soup version 0.31-a0-102-g33a4ccc0cb (webtiles) character file.

Game seed: 5561307989937942634

5091 lessens the Cleaver (level 10, 0/67 HPs)
             Began as a Formicid Gladiator on May 27, 2023.
             Was a Believer of Nemelex Xobeh.
             Shot with an arrow by a centaur (10 damage)
             ... on level 10 of the Dungeon.
             The game lasted 00:16:40 (11289 turns).

lessens the Cleaver (Formicid Gladiator)           Turns: 11289, Time: 00:16:41

Health: 0/67       AC:  6    Str: 22    XL:     10   Next: 87%
Magic:  10/10      EV: 11    Int:  9    God:    Nemelex Xobeh [**....]
Gold:   782        SH: 10    Dex: 15    Spells: 9/9 levels left

rFire   . . .        c - +5 battleaxe
rCold   . . .        v - +0 kite shield
rNeg    . . .        f - +3 leather armour
rPois   .            (helmet unavailable)
rElec   .            (no cloak)
rCorr   .            (no gloves)
SInv    +            (no boots)
Will    ++...        (no amulet)
Stlth   +            (no ring)
HPRegen 0.31/turn    (no ring)
MPRegen 0.12/turn

%: no passive effects
@: enlightened, flying
A: permanent stasis, dig shafts and tunnels, antennae 3, four strong arms
a: Dig, Shaft Self, Renounce Religion, Draw Escape, Draw Destruction, Draw
Summoning


You were on level 10 of the Dungeon.
You worshipped Nemelex Xobeh.
Nemelex Xobeh was pleased with you.
You visited 1 branch of the dungeon, and saw 10 of its levels.
You also visited: Sewer.

You collected 894 gold pieces.
You spent 112 gold pieces at shops.

Inventory:

Hand Weapons
 a - a +0 war axe
 c - a +5 battleaxe (weapon)
 u - a +2 vampiric hand axe
 C - a +0 war axe of draining
 E - a +0 war axe of flaming
Missiles
 d - a javelin (quivered)
 h - 83 stones
 j - 2 throwing nets
 n - 27 poisoned darts
 s - a boomerang
 F - 3 silver boomerangs
 L - 4 atropa-tipped darts
 N - a curare-tipped dart
Armour
 b - a +0 leather armour
 f - a +3 leather armour (worn)
 i - a +0 chain mail
 v - a +0 kite shield (worn)
 P - a +0 cloak
Jewellery
 l - an amulet of the acrobat
Wands
 t - a wand of roots (10)
 D - a wand of mindburst (11)
Scrolls
 g - 2 scrolls of torment
 p - a scroll of identify
 q - a scroll of brand weapon {unknown}
 r - a scroll of amnesia {unknown}
 x - a scroll of vulnerability {unknown}
 y - 2 scrolls of enchant armour
 z - 2 scrolls of fear
 H - 2 scrolls of magic mapping
 K - a scroll of acquirement {unknown}
 O - a scroll of poison {unknown}
Potions
 e - a potion of cancellation
 m - a potion of magic {unknown}
 o - 5 potions of enlightenment
 w - a potion of berserk rage
 A - a potion of attraction {unknown}
 B - a potion of resistance
 G - a potion of experience {unknown}
 I - a potion of ambrosia {unknown}
 J - a potion of lignification {unknown}
 M - a potion of curing {unknown}


   Skills:
 - Level 2.1 Fighting
 * Level 14.3 Axes
 - Level 2.0 Throwing
 - Level 3.0 Armour
 - Level 2.6 Dodging
 + Level 6.0 Shields


You had 9 spell levels left.
You didn't know any spells.
Your spell library contained the following spells:

 Spells                   Type           Power      Damage    Failure   Level
 Ignite Poison            Fire/Tmut/Pois 0%         N/A       96%         3
 Animate Dead             Necr           0%         N/A       100%        4
 Olgreb's Toxic Radiance  Pois           0%         N/A       100%        4
 Sticky Flame             Conj/Fire      0%         2d3       100%        4
 Haunt                    Necr/Summ      0%         N/A       100%        7
 Storm Form               Tmut/Air       0%         N/A       100%        7
 Discord                  Hex            0%         N/A       100%        8
 Ignition                 Fire           0%         3d3       100%        8
 Infestation              Necr           0%         N/A       100%        8
 Maxwell's Capacitive Co  Air            0%         ∞         100%        8


Dungeon Overview and Level Annotations

Branches:
Dungeon (10/15) Zot: 26437  Temple (0/1) D:5            Lair (0/5) D:9
  Sewer (visited)
    Orc: D:9-12

Altars:
Nemelex Xobeh

Shops:
D:8 **

Annotations:
D:6 1 runed translucent door, AuraOfTheDawn's ghost, novice TrFi


Innate Abilities, Weirdness & Mutations

You cannot be hasted, slowed, berserked, paralysed or teleported.
You can dig through walls and to a lower floor.
You have a pair of large antennae on your head. (SInv)
Your four strong arms can wield two-handed weapons with a shield.


Message History

* * * LOW HITPOINT WARNING * * *
The centaur shoots an arrow.
The arrow hits you but does no damage.
The centaur hits you but does no damage.
The centaur kicks you but does no damage.
You barely miss the centaur. You slash the centaur!
You block the centaur's attack. The centaur closely misses you.
You block the centaur's attack. The centaur misses you.
You feel much better.
The centaur hits you but does no damage.
The centaur barely misses you. x2; You block the centaur's attack.
The centaur hits you. You block the centaur's attack.
You barely miss the centaur.
The centaur is almost dead.
You hit the centaur. The centaur hits you.
* * * LOW HITPOINT WARNING * * *
The centaur kicks you but does no damage.
The centaur shoots an arrow.
The arrow barely misses you.
The centaur hits you but does no damage.
The centaur kicks you.
* * * LOW HITPOINT WARNING * * *
The centaur barely misses you.
The centaur kicks you but does no damage.
The centaur shoots an arrow.
The arrow misses you.
You slash the centaur!
You kill the centaur!
You slash the centaur! The centaur barely misses you. x2
The centaur shoots an arrow.
You block the arrow. The centaur hits you.
* * * LOW HITPOINT WARNING * * *
The centaur closely misses you. x2
The centaur kicks you but does no damage.
Your Shields skill increases to level 6!
You slash the centaur!
You kill the centaur!
You slash the centaur!
The centaur shoots an arrow.
You block the arrow.
The centaur shoots an arrow.
The arrow hits you but does no damage.
The centaur shoots an arrow.
The arrow hits you.
* * * LOW HITPOINT WARNING * * *
The centaur shoots an arrow.
The arrow hits you!
You die...
Your body glows slightly and disappears.

###################
#..<...........)..##
#####.##############≈≈≈≈≈≈
.†....# ##≈≈≈≈≈≈≈≈≈
####### ####≈≈≈≈≈≈..≈≈
###..≈≈≈≈(# #.≈ #...≈≈≈≈c#
≈ #.##≈≈@c.# #.##≈≈≈c..#
#########.#≈≈≈≈c...#
#.....†....≈≈≈≈≈...#
#.########.≈≈≈≈≈.....
###.# #.≈≈≈≈≈≈..... ....#
##≈≈≈≈≈≈≈≈..≈ #####
########≈≈≈≈≈≈≈≈≈≈
#######..........≈≈≈


You could see 4 centaurs.

Vanquished Creatures
  Pikel (D:7)
  Maggie (D:6)
  Menkaure (D:6)
  A water moccasin (D:6)
  2 ice beasts (D:6)
  A sky beast (D:7)
  2 black bears (D:6)
  2 ogres (D:6)
  3 centaurs (D:10)
  3 phantoms
  3 kobold brigands
  3 bullfrogs
  5 scorpions
  2 wights
  18 killer bees
  5 howler monkeys
  3 electric eels (D:8)
  6 jellies
  A gnoll bouda (D:7)
  5 orc priests
  2 hounds (D:6)
  4 iguanas
  A sleepcap (D:4)
  9 orc wizards
  11 gnolls
  6 river rats
  9 adders
  A shadow imp (D:7)
  4 white imps
  An ufetubus (D:7)
  3 worms
  4 dart slugs
  38 orcs
  17 ball pythons
  12 bats
  7 endoplasms
  7 giant cockroaches
  4 goblins
  8 hobgoblins
  6 jackals
  28 kobolds
  6 quokkas
  4 frilled lizards
  6 rats
266 creatures vanquished.

Notes
Turn   | Place    | Note
-------+----------+-------------------------------------------
     0 | D:1      | lessens the Formicid Gladiator began the quest for the Orb.
     0 | D:1      | Reached XP level 1. HP: 16/16 MP: 1/1
   200 | D:1      | Reached XP level 2. HP: 21/22 MP: 2/2
   544 | D:1      | Reached skill level 4 in Axes
   544 | D:1      | Reached XP level 3. HP: 27/27 MP: 3/3
   841 | D:2      | Found a faded altar of an unknown god.
  1609 | D:2      | Reached XP level 4. HP: 31/33 MP: 4/4
  1818 | D:3      | Found a glowing drain.
  1832 | D:3      | Reached skill level 5 in Axes
  1869 | Sewer    | Entered a sewer
  2055 | Sewer    | Reached XP level 5. HP: 36/38 MP: 5/5
  2255 | Sewer    | Reached skill level 6 in Axes
  2463 | Sewer    | Reached XP level 6. HP: 31/44 MP: 6/6
  2908 | D:3      | Found a sparkling altar of Nemelex Xobeh.
  2911 | D:3      | Became a worshipper of Nemelex Xobeh the Trickster
  3600 | D:4      | Reached skill level 7 in Axes
  3606 | D:4      | Reached * piety under Nemelex Xobeh
  3852 | D:4      | Received a gift from Nemelex Xobeh
  3943 | D:4      | Reached XP level 7. HP: 34/50 MP: 7/7
  4268 | D:4      | Reached skill level 8 in Axes
  4569 | D:4      | Reached ** piety under Nemelex Xobeh
  5088 | D:5      | Entered Level 5 of the Dungeon
  5118 | D:5      | Found a staircase to the Ecumenical Temple.
  5389 | D:5      | Reached XP level 8. HP: 23/56 MP: 8/8
  5577 | D:5      | Reached skill level 9 in Axes
  5898 | D:6      | Reached skill level 10 in Axes
  6099 | D:6      | Noticed Maggie
  6119 | D:6      | Killed Maggie
  6120 | D:6      | Reached skill level 11 in Axes
  6120 | D:6      | Reached XP level 9. HP: 27/61 MP: 9/9
  6478 | D:6      | Noticed Menkaure
  6484 | D:6      | Killed Menkaure
  6500 | D:6      | Reached skill level 12 in Axes
  6575 | D:6      | Reached skill level 1 in Armour
  6590 | D:6      | HP: 3/61 [poisoned by a scorpion]
  7073 | D:6      | Received a gift from Nemelex Xobeh
  7615 | D:6      | Reached XP level 10. HP: 62/67 MP: 10/10
  7755 | D:6      | Found a runed translucent door.
  7757 | D:6      | Noticed AuraOfTheDawn's ghost (novice TrFi)
  7763 | D:6      | Reached skill level 1 in Shields
  8201 | D:7      | Reached skill level 13 in Axes
  8498 | D:7      | Noticed Pikel
  8613 | D:7      | Identified the +0 leather armour "Koxtues" {rN+ Stlth+}
  8761 | D:7      | Killed Pikel
  9730 | D:8      | Found Qaythryka's Assorted Antiques.
  9745 | D:8      | Reached skill level 5 in Shields
  9763 | D:8      | Reached skill level 14 in Axes
 10047 | D:8      | Found Zuin's General Store.
 10062 | D:8      | Bought a scroll of enchant armour for 112 gold pieces
 10107 | D:8      | Received a gift from Nemelex Xobeh
 10646 | D:9      | Noticed a death yak
 10646 | D:9      | Noticed a death yak
 10646 | D:9      | Found a staircase to the Lair.
 10730 | D:10     | Entered Level 10 of the Dungeon
 10791 | D:10     | Identified the +7 rapier "Raediritz" {chaos, rPois rF-
                  | rCorr Int+5}
 11284 | D:10     | HP: 2/67 [centaur (3)]
 11289 | D:10     | Shot with an arrow by a centaur

Illustrated notes

Levels and vault maps discovered:
D:1:      saegor_arrival_simple_a, layout_basic
D:2:      layout_loops_corners, basic_ecumenical_altar, lexackson_kobold_supper
D:3:      layout_rooms, lemuel_doored_altar, portal_sewer_entry_a
D:4:      layout_layer_cave
D:5:      layout_rooms, minmay_temple_entry_mini_moons
D:6:      minmay_polygon_palace, layout_basic, ebering_ghost_inner_flame,
          uniq_menkaure, uniq_maggie
D:7:      layout_loops_cross, uniq_pikel
D:8:      layout_basic, serial_shops, shop, nicolae_shop_hallway_plus,
          fountainhead, kennysheep_potato
D:9:      layout_irregular_city, nicolae_hepliaklqana_hippocampus,
          dpeg_lair_monsters, guppyfry_early_elven_hall
D:10:     layout_loops_ring, nicolae_overflow_hidden_temple,
          chequers_temple_overflow_statue_of_worship, serial_shops,
          nicolae_shop_drivethru, centaur_isle, uniq_psyche

Skill      XL: |  1  2  3  4  5  6  7  8  9 10 |
---------------+-------------------------------+-----
Axes           | 4 5 6 7 8 11 12 14 | 14.3
Armour         | 3 |  3.0
Shields        | 6 |  6.0
Fighting       | |  2.1
Throwing       | |  2.0
Dodging        | |  2.6

Action                     |  1- 3 |  4- 6 |  7- 9 | 10-12 || total
---------------------------+-------+-------+-------+-------++-------
  Melee: War axe           |   103 |   210 |       |     2 ||   315
         Punch             |     2 |     5 |       |       ||     7
         Hand axe          |       |    28 |   313 |   300 ||   641
         Battleaxe         |       |       |       |    33 ||    33
  Throw: Throwing net      |       |       |       |     3 ||     3
 Invoke: Draw Destruction  |       |       |     1 |       ||     1
Ability: Dig               |       |       |       |     1 ||     1
  Evoke: Wand              |       |       |     4 |     5 ||     9
    Use: Potion            |       |     1 |     4 |     4 ||     9
         Scroll            |       |       |     5 |     4 ||     9
   Stab: Sleeping          |     2 |       |       |       ||     2
         Distracted        |       |       |     1 |       ||     1
 Armour: Leather armour    |    37 |    97 |    62 |    64 ||   260
  Dodge: Dodged            |    70 |   207 |   156 |   128 ||   561
  Block: Kite shield       |       |    10 |    90 |   130 ||   230

Table legend: (Time is in decaauts)
 A = Elapsed time spent in this place.
 B = Non-inter-level travel time spent in this place.
 C = Inter-level travel time spent in this place.
 D = Time resting spent in this place.
 E = Time spent auto-exploring this place.
 F = Levels seen in this place.
 G = Mean time per level.
                   A        B        C        D        E       F      G
               +--------+--------+--------+--------+--------+-----+--------+
         Total |  11495 |  11088 |    407 |   1459 |   7389 |  11 | 1045.0 |
       Dungeon |  10384 |   9977 |    407 |   1359 |   6832 |  10 | 1038.4 |
         Sewer |   1111 |   1111 |      0 |    100 |    557 |   1 | 1111.0 |
               +--------+--------+--------+--------+--------+-----+--------+

Top non-repeatable levels by time:
     D:6: 2192 daAuts
     D:4: 1619 daAuts
     D:5: 1166 daAuts
     D:8: 1132 daAuts
   Sewer: 1111 daAuts
     D:7: 1013 daAuts
     D:2: 935 daAuts
     D:3: 862 daAuts
     D:1: 857 daAuts
    D:10: 561 daAuts
     D:9: 43 daAuts

Levels and vault maps discovered:
D:1:      saegor_arrival_simple_a, layout_basic
D:2:      layout_loops_corners, basic_ecumenical_altar, lexackson_kobold_supper
D:3:      layout_rooms, lemuel_doored_altar, portal_sewer_entry_a
D:4:      layout_layer_cave
D:5:      layout_rooms, minmay_temple_entry_mini_moons
D:6:      minmay_polygon_palace, layout_basic, ebering_ghost_inner_flame,
          uniq_menkaure, uniq_maggie
D:7:      layout_loops_cross, uniq_pikel
D:8:      layout_basic, serial_shops, shop, nicolae_shop_hallway_plus,
          fountainhead, kennysheep_potato
D:9:      layout_irregular_city, nicolae_hepliaklqana_hippocampus,
          dpeg_lair_monsters, guppyfry_early_elven_hall
D:10:     layout_loops_ring, nicolae_overflow_hidden_temple,
          chequers_temple_overflow_statue_of_worship, serial_shops,
          nicolae_shop_drivethru, centaur_isle, uniq_psyche
